 Dungeon Crawl Stone Soup version 0.30.1-9-gdf580d7c3d (webtiles) character file.

Game seed: 8068589716382105624

107 Cheops the Conjurer (level 4, 0/36 HPs)
             Began as a Naga Fire Elementalist on Oct 10, 2023.
             Slain by an iguana (12 damage)
             ... on level 4 of the Dungeon.
             The game lasted 00:08:12 (3743 turns).

Cheops the Conjurer (Naga Fire Elementalist)        Turns: 3743, Time: 00:08:13

Health: 0/36       AC:  3    Str: 16    XL:     4   Next: 86%
Magic:  4/8        EV:  9    Int: 27    God:
Gold:   131        SH:  0    Dex: 11    Spells: 2/9 levels left

rFire   + . .        a - staff of fire
rCold   . . .        (no shield)
rNeg    . . .        d - +0 robe
rPois   +            s - +0 helmet {Int+3}
rElec   .            (no cloak)
rCorr   .            (no gloves)
SInv    +            (no barding)
Will    .....        (no amulet)
Stlth   ++           p - +6 ring of intelligence
HPRegen 0.26/turn    t - +6 ring of strength
MPRegen 0.11/turn

%: no passive effects
@: very slow
A: AC +1, large, see invisible, deformed body, poison resistance, slowness 2,
spit poison 1, naga tail 1
a: Spit Poison


You were on level 4 of the Dungeon.
You visited 1 branch of the dungeon, and saw 4 of its levels.

You collected 131 gold pieces.

Inventory:

Hand Weapons
 b - a +0 dagger
 k - a +0 hand axe
Armour
 d - a +0 robe (worn)
 s - a +0 helmet of intelligence (worn)
Magical Staves
 a - a staff of fire (weapon)
 r - a staff of earth
Jewellery
 p - a +6 ring of intelligence (left hand)
 t - a +6 ring of strength (right hand)
Scrolls
 c - 4 scrolls of identify {unknown}
 e - a scroll of enchant armour {unknown}
 h - 2 scrolls of noise {unknown}
 i - a scroll of teleportation {unknown}
 j - 2 scrolls of fear {unknown}
 n - a scroll of vulnerability {unknown}
 q - a scroll of fog {unknown}
Potions
 f - a potion of invisibility {unknown}
 g - 2 potions of curing {unknown}
 l - a potion of magic
 m - a potion of attraction {unknown}
 o - a potion of degeneration {unknown}
 u - a potion of lignification {unknown}


   Skills:
 - Level 1.5 Dodging
 - Level 3.0 Stealth
 - Level 3.0 Spellcasting
 + Level 3.7 Conjurations
 - Level 3.0 Fire Magic


You had 2 spell levels left.
You knew the following spells:

 Your Spells              Type           Power      Damage    Failure   Level
a - Foxfire               Conj/Fire      100%       2x1d9     2%          1
b - Scorch                Fire           60%        2d7       3%          2
w - Flame Wave            Conj/Fire      33%        2d10      22%         4

Your spell library contained the following spells:

 Spells                   Type           Power      Damage    Failure   Level
 Inner Flame              Hex/Fire       18%        N/A       14%         3
 Volatile Blastmotes      Fire/Tloc      36%        2d13      14%         3


Dungeon Overview and Level Annotations

Branches:
Dungeon (4/15)
 Temple: D:4-7

Altars:
The Shining One

Annotations:
D:3 Grinder


Innate Abilities, Weirdness & Mutations

Your serpentine skin is tough. (AC +1)
You have supernaturally acute eyesight. (SInv)
Armour fits poorly on your strangely shaped body.
Your system is resistant to poisons. (rPois)
You cover ground very slowly.
You can spit poison.
You have a snake-like lower body.


Message History

c - 4 scrolls labelled XEXYODD JADU (gained 1)
An iguana comes into view.
An iguana is nearby!
An iguana is nearby!
An iguana is nearby!
A kobold comes into view. It is wielding a +0 short sword.
The iguana bites you!
You hit the iguana but do no damage.
The iguana bites you but does no damage.
Casting: Foxfire (safe; 2% risk of failure)
Confirm with . or Enter, or press ? or * to list all spells.
You feel a surge of power!
You conjure some foxfire!
The iguana bites you!
* * * LOW HITPOINT WARNING * * *
Your foxfire dissipates!
The kobold shouts!
The foxfire hits the iguana but does no damage.
The iguana bites you.
* * * LOW HITPOINT WARNING * * *
Casting: Foxfire (safe; 2% risk of failure)
Confirm with . or Enter, or press ? or * to list all spells.
You feel a surge of power!
You conjure some foxfire!
The iguana closely misses you.
The kobold throws a stone.
The stone closely misses you.
Casting: Foxfire (safe; 2% risk of failure)
Confirm with . or Enter, or press ? or * to list all spells.
You feel a surge of power!
You conjure some foxfire!
The foxfire hits the iguana.
The iguana is moderately wounded.
The iguana barely misses you.
Casting: Foxfire (safe; 2% risk of failure)
Confirm with . or Enter, or press ? or * to list all spells.
You feel a surge of power!
You conjure some foxfire!
The foxfire hits the iguana.
The iguana is moderately wounded.
The foxfire hits the iguana but does no damage.
The iguana is moderately wounded.
The foxfire hits the iguana.
The iguana is moderately wounded.
The iguana bites you!
You die...

##### ###
#######.#.####.#
........#......#
#######.#.####.#
#######.#.#..#.#
...............########
......#.#.######......##
#####.#.#......vl......+
#.......########@.K...#
#.##.#### #§v....#
...#.# #......# #....#
######## #.#..#
#.#.>#########
#.##..#......#
#.##.........#
#.##.#†......#


You could see an iguana (ally target) and a kobold.

Vanquished Creatures
  A gnoll (D:1)
  5 adders
  A worm (D:3)
  A dart slug (D:4)
  7 ball pythons
  4 endoplasms
  4 goblins
  6 hobgoblins
  3 quokkas
  4 bats
  2 frilled lizards
  3 kobolds
  12 rats
53 creatures vanquished.

Vanquished Creatures (others)
  199 foxfires
199 creatures vanquished.

Grand Total: 252 creatures vanquished

Notes
Turn   | Place    | Note
-------+----------+-------------------------------------------
     0 | D:1      | Cheops the Naga Fire Elementalist began the quest for the
                  | Orb.
     0 | D:1      | Reached XP level 1. HP: 15/15 MP: 3/3
   223 | D:1      | Reached XP level 2. HP: 16/22 MP: 0/5
   350 | D:1      | Learned a level 2 spell: Scorch
   698 | D:1      | Reached XP level 3. HP: 28/28 MP: 4/7
  1882 | D:2      | Reached XP level 4. HP: 36/36 MP: 3/8
  2416 | D:2      | Learned a level 4 spell: Flame Wave
  2618 | D:3      | Noticed Grinder
  3254 | D:3      | Found a glowing golden altar of the Shining One.
  3743 | D:4      | Slain by an iguana

Illustrated notes

Levels and vault maps discovered:
D:1:      elethiomel_arrival_shortcut, layout_basic,
          minmay_misc_feat_secret_circle, ebering_dispersal_statue_hall,
          corexii_leaking_fountain, minmay_rat_gold_closets
D:2:      layout_basic, hangedman_abyss_or_decor_lesser_grid
D:3:      layout_loops_cross, nicolae_tso_carved_into_rock, kennysheep_donut,
          uniq_grinder
D:4:      layout_basic, uniq_duvessa

Skill      XL: |  1  2  3  4 |
---------------+-------------+-----
Spellcasting   | 3 |  3.0
Conjurations   | 2 3 |  3.7
Dodging        | |  1.5
Stealth        | |  3.0
Fire Magic     | |  3.0

Action                     |  1- 3 |  4- 6 || total
---------------------------+-------+-------++-------
  Melee: Hand axe          |     9 |       ||     9
         Dagger            |     2 |     8 ||    10
         Staff             |       |     2 ||     2
         Punch             |       |     1 ||     1
   Cast: Foxfire           |    71 |    52 ||   123
 Armour: Robe              |     2 |     4 ||     6
  Dodge: Dodged            |    11 |    10 ||    21
